 Dungeon Crawl Stone Soup version 0.29-a0-334-gb41bcbb86e (webtiles) character file.

Game seed: 8962976218632424347

28870 spaghetti the Fey Dwarf (level 13, -17/114 HPs)
             Began as a Deep Dwarf Transmuter on Apr 15, 2022.
             Was an Initiate of Yredelemnul.
             Demolished by an orc knight
             ... wielding a +3 vampiric great sword
              (49 damage)
             ... on level 2 of the Orcish Mines.
             The game lasted 00:54:40 (13209 turns).

spaghetti the Fey Dwarf (Deep Dwarf Transmuter)    Turns: 13209, Time: 00:54:41

Health: -17/114    AC: 10    Str: 15      XL:     13   Next: 12%
Magic:  4/9        EV: 20    Int: 22 (24) God:    Yredelemnul [......]
Gold:   1155       SH:  6    Dex: 16      Spells: 9/15 levels left

rFire   + . .      SeeInvis +   s - +7 dagger (distort) {!wshort}
rCold   . . .      Faith    .   Q - +0 buckler
rNeg    . . .      Spirit   .   f - +0 leather armour {rF+}
rPois   .          Reflect  .   o - +2 helmet
rElec   .          Harm     .   m - +0 cloak
rCorr   .          Rampage  .   J - +0 pair of gloves
Will    +....                   (no boots)
Stlth   +.........              P - amulet of magic regeneration {@e2}
HPRegen 0.00/turn               N - ring "Appayn" {Int+6 Dex+3}
MPRegen 0.51/turn               M - +4 ring of evasion

@: wereblooded (expiring)
A: damage resistance, heal wounds, sense surroundings 2, no regeneration, claws
1, talons 1, iridescent scales 1, see invisible
a: Heal Wounds, Renounce Religion, Recall Undead Harvest


You were on level 2 of the Orcish Mines.
You worshipped Yredelemnul.
Yredelemnul was pleased with you.
You visited 4 branches of the dungeon, and saw 18 of its levels.
You also visited: Sewer.

You collected 1155 gold pieces.


Innate Abilities, Weirdness & Mutations

You are resistant to damage.
You can heal yourself by infusing magical energy.
You passively map the area around you.
You do not regenerate.
You have sharp fingernails.
You have sharp toenails.
You are partially covered in iridescent scales. (AC +2)
You have supernaturally acute eyesight. (SInv)


   Skills:
 - Level 6.6 Fighting
 + Level 9.6 Short Blades
 - Level 3.5 Armour
 - Level 9.0 Dodging
 - Level 6.6 Shields
 - Level 2.6 Unarmed Combat
 - Level 1.7 Spellcasting
 + Level 10.0 Necromancy
 - Level 7.9 Transmutations
 - Level 12.1 Invocations


You had 9 spell levels left.
You knew the following spells:

 Your Spells              Type           Power      Damage    Failure   Level
a - Beastly Appendage     Tmut           72%        N/A       1%          1
b - Wereblood             Tmut           36%        N/A       1%          2
c - Vampiric Draining     Necr           46%        2d9       1%          3

Your spell library contained the following spells:

 Spells                   Type           Power      Damage    Failure   Level
 Animate Skeleton         Necr           92%        N/A       1%          1
 Passwall                 Tmut/Erth      15%        N/A       6%          2
 Agony                    Necr           46%        N/A       10%         5
 Spider Form              Tmut/Pois      19%        N/A       13%         3
 Apportation              Tloc           2%         N/A       22%         1
 Summon Small Mammal      Summ           4%         N/A       22%         1
 Ignite Poison            Fire/Tmut/Pois 13%        N/A       22%         3
 Blink                    Tloc           2%         N/A       32%         2
 Ensorcelled Hibernation  Hex/Ice        2%         N/A       32%         2
 Ice Form                 Ice/Tmut       19%        N/A       38%         4
 Petrify                  Tmut/Erth      19%        N/A       38%         4
 Conjure Flame            Conj/Fire      1%         6-21      54%         3
 Dazzling Flash           Conj/Hex       2%         N/A       54%         3
 Lesser Beckoning         Tloc           1%         N/A       54%         3
 Stone Arrow              Conj/Erth      2%         3d7       54%         3
 Swiftness                Air            1%         N/A       54%         3
 Animate Armour           Summ/Erth      2%         N/A       91%         4
 Sticky Flame             Conj/Fire      1%         2d3       91%         4
 Manifold Assault         Tloc           1%         N/A       99%         5
 Silence                  Hex/Air        0%         N/A       99%         5
 Summon Forest            Summ/Tloc      0%         N/A       99%         5
 Eringya's Noxious Bog    Tmut/Pois      9%         N/A       100%        6
 Summon Hydra             Summ           0%         N/A       100%        7
 Borgnjor's Revivificati  Necr           23%        N/A       100%        8
 Lehudib's Crystal Spear  Conj/Erth      0%         10d2      100%        8

Inventory:

Hand Weapons
 a - a +2 flail of protection {mace}
   (You took it off a gnoll on level 2 of the Dungeon)
 b - a +0 shortbow {bow}
   (You took it off a centaur on level 7 of the Dungeon)
 s - a +7 dagger of distortion (weapon) {!wshort}
   (You took it off Psyche on level 12 of the Dungeon)
 C - a +1 whip of electrocution {mace}
   (You took it off Pikel on level 8 of the Dungeon)
 D - a +4 vorpal halberd {polearm}
   (You took it off a wight on level 7 of the Dungeon)
Missiles
 j - 390 stones (quivered) {throwing}
 t - 16 poisoned darts {throwing}
 u - 21 boomerangs {throwing}
Armour
 f - a +0 leather armour of fire resistance (worn)
   (You found it on level 4 of the Dungeon)
 m - a +0 cloak (worn)
   (You found it on level 13 of the Dungeon)
 o - a +2 helmet (worn)
   (You found it on level 3 of the Dungeon)
 v - a +0 plate armour
   (You found it on level 4 of the Dungeon)
 E - a +0 kite shield
   (You found it on level 8 of the Dungeon)
 J - a +0 pair of gloves (worn)
   (You found it on level 6 of the Dungeon)
 O - a +0 chain mail
   (You found it on level 7 of the Dungeon)
 Q - a +0 buckler (worn)
   (You took it off a tengu warrior on level 14 of the Dungeon)
Jewellery
 i - a ring of flight
   (You found it on level 1 of the Dungeon)
 r - a +6 ring of dexterity
   (You found it on level 5 of the Dungeon)
 B - an amulet of reflection
   (You found it on level 8 of the Dungeon)
 H - a ring of willpower
   (You found it on level 9 of the Dungeon)
 I - a ring of positive energy
   (You found it on level 10 of the Dungeon)
 M - a +4 ring of evasion (right hand)
   (You found it on level 14 of the Dungeon)
 N - the ring "Appayn" (left hand) {Int+6 Dex+3}
   (You acquired it on level 2 of the Dungeon)

   [ring of intelligence]

   Int:       It affects your intelligence (+6).
   Dex:       It affects your dexterity (+3).
 P - an amulet of magic regeneration (around neck) {@e2}
   (You found it on level 7 of the Dungeon)
 S - an amulet of guardian spirit
   (You found it on level 14 of the Dungeon)
Wands
 p - a wand of digging (10)
   (You found it on level 5 of the Dungeon)
 K - a wand of flame (14)
   (You found it on level 6 of the Dungeon)
 L - a wand of polymorph (2)
   (You found it on level 6 of the Dungeon)
Scrolls
 c - a scroll of enchant armour
 d - 3 scrolls of identify {@r1}
 e - 3 scrolls of vulnerability {!r!r}
 h - 2 scrolls of amnesia
 k - 2 scrolls of noise {!r}
 n - a scroll of blinking {!r}
 x - 2 scrolls of immolation {!r!r}
 y - 2 scrolls of silence {!r}
 z - a scroll of holy word {forbidden}
 A - a scroll of magic mapping {!r}
 F - 2 scrolls of fog
 R - a scroll of teleportation {@r4}
Potions
 g - a potion of cancellation
 l - 2 potions of attraction {!q}
 q - 2 potions of brilliance
 G - 2 potions of flight
 V - a potion of might

Dungeon Overview and Level Annotations

Branches:
Dungeon (14/15)            Temple (1/1) D:4            Lair (1/6) D:8
    Orc (2/2) D:10            Elf (0/3) Orc:2        Vaults (0/5) D:14
  Sewer (visited)

Altars:
Ashenzari
Cheibriados
Dithmenos
Elyvilon
Fedhas
Gozag
Kikubaaqudgha
Makhleb
Nemelex Xobeh
Okawaru
Qazlal
Ru
Sif Muna
Trog
Uskayaw
Vehumet
Wu Jian
Xom
Yredelemnul
Zin
The Shining One
Beogh

Annotations:
D:9 3 runed translucent doors, exclusion: door, spaghetti's ghost, novice DDTm
D:10 exclusion: electric eel
D:11 exclusion: door *** #oo..o.o.o * * ..oooooo oo4.ooo ###ooooo##* *.ooooooo * * ooo)o#*

##ยงoo# ,* ####)#o## ###
* , ##.#.#@4.# ..## # *
,,, #....o#V#####...#.#
, *#..<.Z....##........*
, , .........##.......##
#.,
........[o[........#...
,...###..)))[..###..o...
, * ,...
###[<))[.#*#.o....* ,,..
#...<)...##)Z..... , , ,
,#........)[)[.o.$..,


You could see 2 orc knights, an ice devil (summoned), 2 orc sorcerers, 8 orc
warriors, 4 orc wizards, an orc (strong), a friendly jiangshi (summoned) and a
friendly orc warrior zombie.


Message History

The neqoxec misses you. ๐Ÿ˜จ MP[+1]
You puncture the sixfirhy! You claw the sixfirhy!
The sixfirhy blinks!
An orc priest comes into view. It is wielding a +0 whip.
The orc knight roars a battlecry!
The orc priest goes into a battle-frenzy!
An orc wizard comes into view. It is wielding a +0 dagger of venom.
You puncture the orc knight!
Space warps around the orc knight.
Your kick misses the orc knight.
The neqoxec disappears in a puff of smoke!
Unknown command.
Unknown command.
You puncture the orc knight!
You claw the orc knight, but do no damage.
The orc knight blinks!
The orc sorcerer hits your orc wizard zombie with a +0 dagger.
The orc knight hits your orc wizard zombie with a +0 long sword! ๐Ÿ˜จ MP[+1] Yredelemnul sends a servant to aid you.
Yredelemnul accepts your bounty of souls!
The sixfirhy barely misses you.
Your orc wizard zombie hits the orc knight but does no damage.
An ogre comes into view. It is wielding a +0 giant club.
The orc sorcerer hits your orc wizard zombie with a +0 dagger.
The orc knight hits your orc wizard zombie with a +0 long sword!
Your orc wizard zombie is destroyed! ๐Ÿ˜จ MP[-4]
You lost 4 mp, and now have 1/9 mp.
Unknown command.
Unknown command.
You closely miss the orc warrior.
You claw the orc warrior, but do no damage.
The sixfirhy disappears in a puff of smoke!
You puncture the orc warrior! You claw the orc warrior!
The orc warrior blinks!
You howl as the wereblood boils in your veins!
You block the orc warrior's attack.
The orc sorcerer hits your orc sorcerer zombie with a +0 dagger!
Something hits your orc sorcerer zombie.
The orc knight barely misses your orc sorcerer zombie. ๐Ÿ˜จ MP[+1]
You hit the orc warrior but do no damage.
Space warps horribly around the orc warrior!!
You feel a bit better.
You kill the orc warrior!
A black mist starts to gather...
The red devil disappears in a puff of smoke!
Your orc sorcerer zombie hits something.
Your Necromancy skill increases to level 10! ๐Ÿ˜ฎ HP[+2]
You regained 2 hp, and now have 59/114 hp.
Unknown command.
Unknown command.
You closely miss the orc priest. You claw the orc priest!
Your jiangshi claws the orc priest!
The orc priest dies!
Something barely misses your orc sorcerer zombie.
The orc sorcerer hits your orc sorcerer zombie with a +0 dagger!
The orc knight hits your orc sorcerer zombie with a +0 long sword!!
You closely miss the orc knight. You puncture the orc knight!
Space warps around the orc knight.
The sentinel's mark upon you fades away.
The orc warrior no longer looks unusually strong.
The orc knight hits you with a +3 vampiric great sword!
* * * LOW HITPOINT WARNING * * *
The orc knight draws strength from your wounds!
Something hits your orc sorcerer zombie!!
The orc sorcerer mumbles some strange words.
The orc knight roars a battlecry!
The orcs go into a battle-frenzy!
Your orc sorcerer zombie hits the orc knight but does no damage.
An orc warrior comes into view.
It is wielding a +0 halberd. ๐Ÿ˜จ HP[-15] MP[+1]
You take 15 damage, and now have 44/114 hp.
You puncture the orc knight!
Space warps around the orc knight.
You claw the orc knight, but do no damage.
Your primal bloodlust is almost over.
Your jiangshi claws the ogre!
Your jiangshi draws strength from the ogre's injuries!
Your jiangshi claws the ogre!!
The ogre dies!
Something hits your orc sorcerer zombie!
Your orc sorcerer zombie is destroyed!
The orc knight hits you with a +3 vampiric great sword!!
* * * LOW HITPOINT WARNING * * *
The orc knight draws strength from your wounds! ๐Ÿ˜ฑ HP[-34]
You take 34 damage, and now have 10/114 hp.
MASSIVE DAMAGE!! (PAUSE) Unknown command.
You feel much better.
The orc warrior no longer looks unusually strong.
Your jiangshi barely misses the ice devil.
Your jiangshi claws the ice devil!!
Your orc warrior zombie closely misses the orc knight.
The ice devil closely misses you.
Your jiangshi claws the ice devil.
Your jiangshi barely misses the ice devil.
An orc wizard comes into view. It is wielding a +0 dagger.
The orc knight hits you with a +3 vampiric great sword!!!
You die...
Your body rises from the dead as a mindless zombie.

Skill      XL: |  1  2  3  4  5  6  7  8  9 10 11 12 13 |
---------------+----------------------------------------+-----
Transmutations | 2 3 4 5 6 7 |  7.9
Fighting       | 1 2 3 5 6 |  6.6
Dodging        | 3 4 6 7 8 9 |  9.0
Invocations    | 2 4 7 10 12 | 12.1
Shields        | 1 5 6 |  6.6
Armour         | 2 3 |  3.5
Short Blades   | 6 9 |  9.6
Necromancy     | 4 9 10 | 10.0
Unarmed Combat | |  2.6
Spellcasting   | |  1.7

Action                   |  1- 3 |  4- 6 |  7- 9 | 10-12 | 13-15 || total
-------------------------+-------+-------+-------+-------+-------++-------
Melee: Dagger            |    65 |       |       |   255 |    46 ||   366
       Unarmed           |     5 |       |       |       |       ||     5
       Kick              |    11 |    21 |    86 |   158 |    13 ||   289
       Headbutt          |    11 |    14 |    49 |    77 |     6 ||   157
       Flail             |     2 |   151 |   257 |   152 |       ||   562
       Punch             |     2 |     2 |     6 |       |       ||    10
       Whip              |       |       |       |    65 |       ||    65
 Fire: Shortbow          |       |       |     4 |       |       ||     4
Throw: Stone             |       |    26 |     3 |     2 |       ||    31
       Dart              |       |       |     9 |    38 |       ||    47
       Boomerang         |       |       |       |     4 |       ||     4
 Cast: Beastly Appendage |    19 |    29 |    38 |    33 |     1 ||   120
       Wereblood         |    10 |    29 |    38 |    42 |     1 ||   120
       Vampiric Draining |       |       |       |    12 |     3 ||    15
Invok: Recall Undead Har |       |       |     7 |     1 |       ||     8
       Dark Bargain      |       |       |       |     4 |     1 ||     5
 Abil: Heal Wounds       |     3 |     3 |     7 |    41 |     3 ||    57
Evoke: Wand              |       |       |       |    34 |     3 ||    37
  Use: Potion            |     3 |     4 |    10 |    10 |       ||    27
       Scroll            |       |     3 |     6 |    20 |       ||    29
 Stab: Sleeping          |     1 |       |       |       |       ||     1
       Distracted        |       |       |     4 |     5 |       ||     9
       Invisible         |       |       |       |     1 |       ||     1
Armor: Robe              |     7 |    64 |       |       |       ||    71
       Skin              |       |    45 |     7 |       |       ||    52
       Leather armour    |       |     3 |   113 |   127 |     2 ||   245
Dodge: Dodged            |    35 |   185 |   256 |   416 |    33 ||   925
Block: Kite shield       |       |       |    10 |   260 |       ||   270
       Buckler           |       |       |       |    54 |    15 ||    69

Levels and vault maps discovered:
D:1:      dpeg_arrival_rooms_with_view, layout_loops_ring
D:2:      layout_basic
D:3:      layout_loops_corners, lemuel_tele_altar,
          nicolae_sif_muna_condensation, minmay_circle_x
D:4:      layout_loops_cross, mainiacjoe_overflow_cross_hatched,
          minmay_temple_entry_slanted, minmay_tree_intersection,
          amcnicky_mini_pool_small
D:5:      layout_loops_ring, general_overflow_altar, cheibrodos_sewer_entry_bend
D:6:      layout_loops_ring, nicolae_hepliaklqana_hazy_memory
D:7:      layout_loops_cross, marbit_many_paths, lemuel_crystal_altar
D:8:      layout_basic, tso_altar, david_lair_generic, uniq_pikel
D:9:      layout_roguey, grunt_dithmenos_smoke,
          mainiacjoe_overflow_small_starburst, gammafunk_ghost_split,
          minmay_misc_feat_tower
D:10:     layout_irregular_city, mainiacjoe_overflow_tiny_flanked,
          overflow_temple_1_default, minmay_orc_entry_guard_dogs,
          nicolae_water_bricks, uniq_erica
D:11:     layout_roguey, uniq_lodul
D:12:     layout_roguey, minmay_misc_feat_pillars, uniq_psyche
D:13:     layout_basic, serial_shops, nicolae_shop_bloodbath_and_beyond,
          minmay_radiant, uniq_jorgrun, uniq_josephine
D:14:     layout_roguey, hangedman_vaults_entry_quadrant_bands
Temple:   zaba_magenta_temple
Lair:1:   layout_roguey, hibernation_bobbens
Orc:1:    layout_caves, minmay_orc_temple_b
Orc:2:    st_orc_congregation, layout_diamond_mine, nooodl_orcs_dogs,
          uniq_erolcha

Notes
Turn   | Place    | Note
-------+----------+-------------------------------------------
     0 | D:1      | spaghetti the Deep Dwarf Transmuter began the quest for the
                  | Orb.
     0 | D:1      | Reached XP level 1. HP: 16/16 MP: 3/3
     0 | D:1      | magus.rc [v1.9.6]
    45 | D:1      | Reached skill level 2 in Transmutations
   388 | D:1      | Reached XP level 2. HP: 12/24 MP: 2/4
   425 | D:1      | Learned a level 2 spell: Wereblood
   440 | D:1      | HP: 6/24 [quokka (1)]
   489 | D:1      | HP: 5/24 [hobgoblin (4)]
   912 | D:2      | You pick up a book of the Senses and begin reading...
   912 | D:2      | You add the spells Dazzling Flash, Agony and Silence to
                  | your library.
   978 | D:2      | Reached skill level 3 in Transmutations
   978 | D:2      | Reached skill level 1 in Fighting
  1068 | D:2      | Reached XP level 3. HP: 29/31 MP: 0/5
  1141 | D:2      | HP: 6/31 [gnoll/+0 club (7)]
  1148 | D:2      | HP: 7/32 [gnoll/+2 flail of protection (6)]
  1154 | D:2      | Reached skill level 3 in Dodging
  1265 | D:2      | Reached XP level 4. HP: 39/39 MP: 2/6
  1351 | D:2      | Reached skill level 2 in Fighting
  1359 | D:2      | HP: 13/58 [gnoll/+0 halberd (4)]
  1369 | D:2      | Identified a scroll of acquirement
  1369 | D:2      | Acquired the ring "Appayn" {Int+6 Dex+3}
  1379 | D:2      | HP: 7/39 [gnoll/+0 halberd (4)]
  2346 | D:3      | Found a shimmering blue altar of Sif Muna.
  2590 | D:3      | You pick up a book of Cantrips and begin reading...
  2590 | D:3      | You add the spells Animate Skeleton, Summon Small Mammal
                  | and Apportation to your library.
  2636 | D:3      | Reached XP level 5. HP: 46/46 MP: 2/6
  2681 | D:3      | You pick up a book of Burglary and begin reading...
  2681 | D:3      | You add the spells Passwall, Ensorcelled Hibernation and
                  | Swiftness to your library.
  2748 | D:3      | Found a stormy altar of Qazlal.
  2938 | D:3      | Reached skill level 4 in Dodging
  2944 | D:3      | Reached skill level 3 in Fighting
  2950 | D:3      | HP: 9/49 [orc priest/nerve-wracking pain (9)]
  3526 | D:4      | Noticed a black bear
  3562 | D:4      | Found a staircase to the Ecumenical Temple.
  3579 | Temple   | Entered the Ecumenical Temple
  3688 | Temple   | Became a worshipper of Yredelemnul the Dark
  3729 | D:4      | Noticed an ice beast
  3735 | D:4      | Killed an ice beast
  3736 | D:4      | Reached skill level 2 in Invocations
  3736 | D:4      | Reached XP level 6. HP: 45/56 MP: 4/7
  3748 | D:4      | Found a broken altar of Ashenzari.
  3797 | D:4      | Reached skill level 3 in Invocations
  3803 | D:4      | Reached * piety under Yredelemnul
  3806 | D:4      | Reached skill level 4 in Invocations
  4025 | D:4      | Reached XP level 7. HP: 34/62 MP: 6/9
  4034 | D:4      | Reached skill level 4 in Transmutations
  4034 | D:4      | Reached skill level 5 in Invocations
  4602 | D:5      | Entered Level 5 of the Dungeon
  4661 | D:5      | HP: 13/62 [acid (5)]
  4665 | D:5      | Reached skill level 6 in Invocations
  4856 | D:5      | Noticed a troll
  4872 | D:5      | Killed a troll
  4873 | D:5      | Reached skill level 7 in Invocations
  4954 | D:5      | Reached XP level 8. HP: 52/69 MP: 12/12
  5045 | D:5      | Found a glowing drain.
  5062 | D:5      | Reached ** piety under Yredelemnul
  5066 | Sewer    | Entered a sewer
  5466 | Sewer    | Reached skill level 5 in Dodging
  5466 | Sewer    | Reached skill level 5 in Transmutations
  5466 | Sewer    | Reached skill level 8 in Invocations
  5644 | D:5      | Found a shimmering altar of Xom.
  6316 | D:6      | Reached skill level 9 in Invocations
  6617 | D:6      | Noticed a two-headed ogre
  6803 | D:7      | Reached skill level 6 in Dodging
  6824 | D:7      | Found a white marble altar of Elyvilon.
  6850 | D:7      | Reached skill level 10 in Invocations
  6850 | D:7      | Gained mutation: You passively map the area around you.
                  | [Deep Dwarf growth]
  6850 | D:7      | Reached XP level 9. HP: 53/76 MP: 15/15
  6961 | D:7      | Reached skill level 6 in Transmutations
  6980 | D:7      | You pick up a book of Cantrips and begin reading...
  7248 | D:7      | Found a hide-covered altar of Uskayaw.
  7527 | D:8      | Gained mutation: You passively dampen the noise of your
                  | surroundings. [potion of mutation]
  7527 | D:8      | Gained mutation: You are frail. (-10% HP) [potion of
                  | mutation]
  7541 | D:8      | Reached skill level 11 in Invocations
  7559 | D:8      | Noticed an elephant
  7631 | D:8      | Found a staircase to the Lair.
  7637 | D:8      | Noticed Pikel
  7649 | D:8      | Reached skill level 7 in Dodging
  7656 | D:8      | HP: 10/68 [orc priest/divine providence (9)]
  7770 | D:8      | Reached skill level 12 in Invocations
  7790 | D:8      | HP: 11/68 [orc priest/divine providence (12)]
  7795 | D:8      | HP: 17/68 [orc priest/divine providence (7)]
  7798 | D:8      | Reached *** piety under Yredelemnul
  7828 | D:8      | Reached skill level 1 in Shields
  7974 | D:9      | Found an ancient bone altar of Kikubaaqudgha.
  8005 | D:9      | Found a shadowy altar of Dithmenos.
  8046 | D:9      | Reached XP level 10. HP: 38/76 MP: 17/17
  8051 | D:9      | Reached skill level 2 in Shields
  8051 | D:9      | Reached skill level 7 in Transmutations
  8057 | D:9      | Reached skill level 4 in Fighting
  8086 | D:9      | Reached skill level 3 in Shields
  8096 | D:9      | Lost mutation: You are frail. (-10% HP) [potion of
                  | mutation]
  8096 | D:9      | Lost mutation: You passively dampen the noise of your
                  | surroundings. [potion of mutation]
  8096 | D:9      | Gained mutation: You are partially covered in iridescent
                  | scales. (AC +2) [potion of mutation]
  8096 | D:9      | Gained mutation: You have sharp fingernails. [potion of
                  | mutation]
  8096 | D:9      | Gained mutation: You have sharp toenails. [potion of
                  | mutation]
  8096 | D:9      | Gained mutation: You have supernaturally acute eyesight.
                  | (SInv) [potion of mutation]
  8226 | D:9      | Noticed a death knight
  8230 | D:9      | Found a runed translucent gate.
  8231 | D:9      | Found a runed translucent gate.
  8231 | D:9      | Noticed spaghetti's ghost (novice DDTm)
  8231 | D:9      | Noticed a wolf spider
  8237 | D:9      | Found a runed translucent gate.
  8243 | D:9      | Reached skill level 8 in Dodging
  8719 | D:10     | Entered Level 10 of the Dungeon
  8799 | D:10     | Noticed an orange demon
  8801 | D:10     | Reached skill level 4 in Shields
  8807 | D:10     | Reached skill level 5 in Fighting
  8825 | D:10     | Reached skill level 1 in Armour
  8876 | D:10     | HP: 22/88 [orc/+0 war axe (2)]
  8937 | D:10     | Reached skill level 5 in Shields
  8946 | D:10     | Reached skill level 2 in Armour
  8958 | D:10     | Found a staircase to the Orcish Mines.
  9054 | D:10     | Found a burning altar of Makhleb.
  9119 | D:10     | Noticed Erica
  9137 | D:10     | Killed Erica
  9158 | D:10     | You add the spells Summon Forest, Eringya's Noxious Bog and
                  | Summon Hydra to your library.
  9276 | D:10     | Found an opulent altar of Gozag.
  9535 | D:8      | Reached XP level 11. HP: 37/97 MP: 18/18
  9546 | D:8      | Reached skill level 6 in Fighting
  9548 | D:8      | HP: 20/97 [orc priest/divine providence (5)]
  9661 | D:8      | HP: 24/97 [elephant (6)]
  9676 | D:8      | Reached skill level 6 in Shields
  9702 | D:8      | HP: 22/97 [Pikel/+1 whip of electrocution (10)]
  9704 | D:8      | Killed Pikel
  9705 | D:8      | Reached skill level 3 in Armour
  9709 | D:8      | HP: 20/97 [yak (4)]
  9843 | D:8      | You pick up a book of Armaments and begin reading...
  9843 | D:8      | You add the spells Stone Arrow, Animate Armour and
                  | Lehudib's Crystal Spear to your library.
 10059 | D:8      | Found a glowing golden altar of the Shining One.
 10180 | Lair:1   | Entered Level 1 of the Lair of Beasts
 10566 | Orc:1    | Entered Level 1 of the Orcish Mines
 10567 | Orc:1    | Noticed an orc sorcerer
 10733 | D:11     | Noticed a six-headed hydra
 10791 | D:11     | You pick up a book of Spatial Translocations and begin
                  | reading...
 10791 | D:11     | You add the spells Blink, Lesser Beckoning and Manifold
                  | Assault to your library.
 10800 | D:11     | Noticed a death knight
 10800 | D:11     | Noticed a phantasmal warrior
 10867 | D:12     | Noticed Psyche
 10881 | D:12     | Killed Psyche
 10882 | D:12     | Reached skill level 9 in Dodging
 11044 | D:12     | Your ally Psyche died
 11063 | D:12     | Reached skill level 1 in Short Blades
 11121 | D:12     | Noticed a green ugly thing
 11137 | D:12     | Killed a green ugly thing
 11138 | D:12     | Reached skill level 2 in Short Blades
 11180 | D:12     | Reached skill level 3 in Short Blades
 11248 | D:12     | HP: 24/99 [yak (9)]
 11255 | D:12     | HP: 19/99 [yak (5)]
 11257 | D:12     | Reached skill level 4 in Short Blades
 11273 | D:12     | You add the spells Ignite Poison, Vampiric Draining, Sticky
                  | Flame and Borgnjor's Revivification to your library.
 11273 | D:12     | Got Sif Muna's Guide on Heat and Stolen Souls
 11563 | D:13     | Reached skill level 1 in Necromancy
 11580 | D:13     | Noticed a centaur warrior
 11583 | D:13     | Noticed an orc sorcerer
 11586 | D:13     | Paralysed by an orc sorcerer for 5 turns
 11588 | D:13     | Noticed a six-headed hydra
 11593 | D:13     | HP: 17/99 [centaur warrior/arrow (10)]
 11593 | D:13     | HP: 2/99 [centaur warrior/arrow (15)]
 11636 | D:14     | Noticed a deep elf zephyrmancer
 11646 | D:14     | Noticed a deep elf knight
 11652 | D:14     | Noticed a deep elf pyromancer
 11659 | D:14     | Reached skill level 5 in Short Blades
 11659 | D:14     | Reached skill level 2 in Necromancy
 11659 | D:14     | Found a gate to the Vaults.
 11673 | D:14     | Killed a deep elf knight
 11676 | D:14     | Killed a deep elf zephyrmancer
 11677 | D:14     | Reached skill level 3 in Necromancy
 11682 | D:14     | Noticed an orc knight
 11689 | D:14     | Noticed a centaur warrior
 11690 | D:14     | Killed a deep elf pyromancer
 11691 | D:14     | Killed an orc knight
 11692 | D:14     | Reached skill level 4 in Necromancy
 11700 | D:14     | HP: 6/99 [centaur warrior/arrow (20)]
 11701 | D:14     | Noticed a deep elf zephyrmancer
 11707 | D:14     | Banished a centaur warrior
 11708 | D:14     | Reached skill level 6 in Short Blades
 11721 | D:14     | Killed a deep elf zephyrmancer
 11722 | D:14     | Reached XP level 12. HP: 28/106 MP: 15/15
 11794 | D:14     | Noticed a fire dragon
 11801 | D:14     | Killed a fire dragon
 11802 | D:14     | Reached skill level 5 in Necromancy
 11835 | D:14     | Noticed a tengu warrior
 11835 | D:14     | Noticed a tengu warrior
 11844 | D:14     | Killed a tengu warrior
 11846 | D:14     | Killed a tengu warrior
 11847 | D:14     | Reached skill level 7 in Short Blades
 11847 | D:14     | Reached skill level 6 in Necromancy
 11865 | D:14     | Learned a level 3 spell: Vampiric Draining
 11905 | D:14     | Noticed a two-headed ogre
 11921 | D:14     | Killed a two-headed ogre
 11990 | D:14     | Noticed an eight-headed hydra
 11997 | D:14     | Killed an eight-headed hydra
 11998 | D:14     | Reached skill level 7 in Necromancy
 12094 | D:14     | Noticed a centaur warrior
 12109 | D:14     | Killed a centaur warrior
 12190 | D:14     | Noticed a centaur warrior
 12210 | D:14     | HP: 25/106 [centaur warrior/arrow (17)]
 12222 | D:14     | Killed a centaur warrior
 12223 | D:14     | Reached skill level 8 in Short Blades
 12285 | D:14     | Noticed a rakshasa
 12285 | D:14     | Noticed an eight-headed hydra
 12291 | D:14     | HP: 23/106 [eight-headed hydra (illusionary) (8)]
 12299 | D:14     | Killed an eight-headed hydra
 12314 | D:14     | Killed a rakshasa
 12315 | D:14     | Reached skill level 8 in Necromancy
 12380 | D:14     | Got the Guide on Shape Shifting
 12674 | D:10     | HP: 23/104 [troll (11)]
 12684 | D:10     | HP: 18/106 [troll (4)]
 12866 | Orc:1    | Noticed a two-headed ogre
 12871 | Orc:1    | Killed a two-headed ogre
 12872 | Orc:1    | Reached skill level 9 in Short Blades
 12872 | Orc:1    | Reached skill level 9 in Necromancy
 12913 | Orc:2    | Entered Level 2 of the Orcish Mines
 12913 | Orc:2    | Found a staircase to the Elven Halls.
 12987 | Orc:2    | HP: 26/106 [orc warrior/+1 battleaxe of pain[an orc knight]
                  | (2)]
 13128 | Orc:2    | Reached XP level 13. HP: 65/114 MP: 10/10
 13162 | Orc:2    | Noticed an orc warlord
 13162 | Orc:2    | HP: 22/114 [orc high priest/divine providence (13)]
 13196 | Orc:2    | Killed an orc warlord
 13205 | Orc:2    | Reached skill level 10 in Necromancy
 13208 | Orc:2    | HP: 10/114 [orc knight/+3 vampiric great sword (34)]
 13209 | Orc:2    | Demolished by an orc knight

Vanquished Creatures
  An orc warlord (Orc:2)
  A rakshasa (D:14)
  2 hydras (D:14)
  Erica (D:10)
  2 two-headed ogres
  2 centaur warriors (D:14)
  A deep elf pyromancer (D:14)
  Pikel (D:8)
  2 deep elf zephyrmancers (D:14)
  3 orc sorcerers
  3 cyclopes
  An ugly thing (D:12)
  An elephant (D:8)
  An unseen horror (D:12)
  Psyche (D:12)
  A komodo dragon (D:8)
  2 kobold demonologists
  An efreet (D:11)
  2 trolls
  3 shadows
  12 yaks
  A basilisk (D:8)
  2 steam dragons
  A vampire mosquito (D:11)
  4 wargs
  2 water moccasins
  A sky beast (D:6)
  19 orc warriors
  A black bear (D:4)
  An ogre (Orc:1)
  8 centaurs
  A lemure (D:8)
  6 kobold brigands
  A phantom (D:5)
  5 bullfrogs
  A gnoll sergeant (D:6)
  2 scorpions
  3 wights (D:7)
  6 killer bees (D:9)
  2 howler monkeys
  A hound (D:4)
  14 orc priests
  2 jellies
  2 iguanas
  26 orc wizards
  11 gnolls
  11 adders
  2 orc zombies
  4 worms
  A dart slug (D:2)
  59 orcs
  6 endoplasms
  A giant cockroach (D:2)
  9 goblins
  5 hobgoblins
  23 kobolds
  4 quokkas
  10 ball pythons
  2 bats
  A frilled lizard (D:1)
  6 rats
311 creatures vanquished.

Vanquished Creatures (collateral kills)
  A fire dragon (D:14)
  2 tengu warriors (D:14)
  A manticore (D:14)
  An orc knight (D:14)
  A wyvern (D:9)
  3 yaks
  A golden eye (shapeshifter) (D:14)
  A basilisk (D:8)
  2 vampire mosquitoes (D:11)
  2 wargs (D:10)
  An ice beast (D:4)
  An orc warrior (D:9)
  An ogre (Orc:2)
  A centaur (D:14)
  2 bullfrogs
  2 necrophages
  A scorpion (D:7)
  2 yak zombies (D:9)
  2 howler monkeys (D:9)
  3 orc priests
  An orc wizard (D:10)
  A gnoll (D:6)
  A worm (D:5)
  5 orcs
  A hobgoblin (D:4)
  A kobold (D:4)
  A ball python (D:4)
  2 bats (Sewer)
  A rat (Sewer)
45 creatures vanquished.

Vanquished Creatures (others)
  A deep elf knight (D:14)
  An ugly thing zombie (D:12)
  A hydra zombie (D:14)
  A two-headed ogre zombie (D:14)
  A centaur (D:14)
  A vampire mosquito zombie (D:11)
  A human zombie (D:12)
  A warg zombie (D:10)
  4 yak zombies
  3 bullfrog zombies (D:8)
  4 centaur zombies
  2 orc wizards
  A howler monkey zombie (D:9)
  2 gnoll zombies (D:6)
  3 adder zombies
  An iguana zombie (D:6)
  An orc (Orc:2)
  A ball python zombie (D:4)
  A hobgoblin zombie (D:4)
  9 kobold zombies
  40 orc zombies
  A spectral endoplasm (D:4)
  6 fungi
  15 plants
102 creatures vanquished.

Grand Total: 458 creatures vanquished

Table legend:
 A = Non-vault XP
 B = Vault XP
 C = Vault XP percentage of total XP
 D = Non-vault monster count
 E = Vault monster count
 F = Vault count percentage of total count
                 A         B        C        D         E       F
            +---------+---------+-------+---------+---------+-------
      Total |   29402 |   11842 |  28.7 |     268 |      92 |  25.6
            +---------+---------+-------+---------+---------+-------
        D:1 |      20 |       2 |   9.1 |      13 |       2 |  13.3
        D:2 |     151 |       0 |   0.0 |      24 |       0 |   0.0
        D:3 |     125 |      36 |  22.4 |      15 |       6 |  28.6
        D:4 |     718 |       0 |   0.0 |      34 |       0 |   0.0
        D:5 |     457 |      10 |   2.1 |       4 |       2 |  33.3
        D:6 |     503 |       0 |   0.0 |      11 |       0 |   0.0
        D:7 |    1185 |      96 |   7.5 |      17 |       1 |   5.6
        D:8 |    2271 |    1659 |  42.2 |      27 |       5 |  15.6
        D:9 |    2274 |       0 |   0.0 |      20 |       0 |   0.0
       D:10 |    2678 |    1484 |  35.7 |      24 |       5 |  17.2
       D:11 |     967 |       0 |   0.0 |       5 |       0 |   0.0
       D:12 |    2752 |     397 |  12.6 |       9 |       1 |  10.0
       D:13 |     526 |       0 |   0.0 |       1 |       0 |   0.0
       D:14 |    9514 |    4521 |  32.2 |      17 |      15 |  46.9
      Orc:1 |    2405 |     430 |  15.2 |      10 |      10 |  50.0
      Orc:2 |    2856 |    2858 |  50.0 |      37 |      22 |  37.3
      Sewer |       0 |     349 | 100.0 |       0 |      23 | 100.0
            +---------+---------+-------+---------+---------+-------

Illustrated notes

Table legend:
 A = Kills in this place as a percentage of kills in entire the game.
 B = Kills by you in this place as a percentage of kills by you in the entire game.
 C = Kills by friends in this place as a percentage of kills by friends in the entire game.
 D = Other kills in this place as a percentage of other kills in the entire game.
 E = Experience gained in this place as a percentage of experience gained in the entire game.
 F = Experience gained in this place divided by the number of levels of this place that you have seen.
                   A       B       C       D       E      F
               +-------+-------+-------+-------+-------+----------------------
         Total | 100.0 | 100.0 | 100.0 | 100.0 | 100.0 | 2170.7
       Dungeon |  71.7 |  69.8 |  86.0 |  66.7 |  78.4 | 2310.4
  Orcish Mines |  21.9 |  23.7 |   7.0 |  33.3 |  20.7 | 4274.5
         Sewer |   6.4 |   6.5 |   7.0 |   0.0 |   0.8 | 349.0
               +-------+-------+-------+-------+-------+----------------------

Table legend: (Time is in decaauts)
 A = Elapsed time spent in this place.
 B = Non-inter-level travel time spent in this place.
 C = Inter-level travel time spent in this place.
 D = Time resting spent in this place.
 E = Time spent auto-exploring this place.
 F = Levels seen in this place.
 G = Mean time per level.
                   A        B        C        D        E       F      G
               +--------+--------+--------+--------+--------+-----+--------+
         Total |  14675 |  13671 |   1004 |    662 |   9919 |  19 |  772.4 |
       Dungeon |  13505 |  12580 |    925 |    462 |   9431 |  14 |  964.6 |
        Temple |    122 |     84 |     38 |      0 |     53 |   1 |  122.0 |
          Lair |     46 |     46 |      0 |      0 |     18 |   1 |   46.0 |
  Orcish Mines |    482 |    441 |     41 |    100 |    139 |   2 |  241.0 |
         Sewer |    518 |    518 |      0 |    100 |    277 |   1 |  518.0 |
               +--------+--------+--------+--------+--------+-----+--------+

Top non-repeatable levels by time:
     D:2: 1521 daAuts
     D:8: 1243 daAuts
     D:3: 1210 daAuts
     D:9: 1161 daAuts
    D:10: 1145 daAuts
    D:12: 1075 daAuts
    D:14: 1072 daAuts
     D:4: 1058 daAuts
     D:7: 1013 daAuts
     D:5: 910 daAuts
     D:6: 908 daAuts
     D:1: 851 daAuts
   Sewer: 518 daAuts
   Orc:1: 350 daAuts
    D:11: 255 daAuts
